 Dungeon Crawl Stone Soup version 0.29-a0-338-g1ff7896281 (webtiles) character file.

Game seed: 11194012502561996752

751 spaghetti the Ducker (level 7, -1/62 HPs)
             Began as a Naga Fighter on Apr 18, 2022.
             Was a Plaything of Xom.
             Slain by a queen bee (shapeshifter) (5 damage)
             ... on level 5 of the Dungeon.
             The game lasted 00:08:04 (4916 turns).

spaghetti the Ducker (Naga Fighter)                 Turns: 4916, Time: 00:08:04

Health: -1/62      AC:  7    Str: 15 (18) XL:     7   Next: 78%
Magic:  0/7        EV: 11    Int:  6 (8)  God:    Xom [.....*]
Gold:   146        SH:  0    Dex: 18 (19) Spells: 6/6 levels left

rFire   + . .      SeeInvis +   G - +0 hand axe (vamp) {axe}
rCold   . . .      Faith    .   c - +0 buckler
rNeg    . . .      Spirit   +   d - +3 leather armour of the Accordion {rF+ rCorr}
rPois   +          Reflect  .   x - +0 hat
rElec   .          Harm     .   (no cloak)
rCorr   +          Rampage  .   (no gloves)
Will    +....                   (no barding)
Stlth   +.........              q - amulet of guardian spirit
HPRegen 0.20/turn               e - ring of wizardry
MPRegen 0.10/turn               j - +6 ring of dexterity

@: confused, ambrosia-drunk, very slow
A: AC +2, large, see invisible, deformed body, poison resistance, slowness 2,
spit poison 1, naga tail 1, large bone plates 2, strong-willed 1
a: Spit Poison, Renounce Religion


You were on level 5 of the Dungeon.
You worshipped Xom.
You were Xom's teddy bear.
You visited 1 branch of the dungeon, and saw 5 of its levels.

You collected 267 gold pieces.
You spent 121 gold pieces at shops.


Innate Abilities, Weirdness & Mutations

Your serpentine skin is tough. (AC +2)
You have supernaturally acute eyesight. (SInv)
Armour fits poorly on your strangely shaped body.
Your system is resistant to poisons. (rPois)
You cover ground very slowly.
You can spit poison.
You have a snake-like lower body.
You are mostly covered in large bone plates. (SH +6)
You are strong-willed. (Will+)


   Skills:
 - Level 3.0 Fighting
 - Level 2.0 Long Blades
 + Level 2.5 Throwing
 * Level 2.9 Armour
 + Level 4.7 Dodging
 - Level 2.4 Shields
 * Level 4.3 Evocations


You had 6 spell levels left.
You didn't know any spells.
Your spell library contained the following spells:

 Spells                   Type           Power      Damage    Failure   Level
 Animate Skeleton         Necr           0%         N/A       28%         1
 Pain                     Necr           0%         1d4       28%         1
 Static Discharge         Conj/Air       0%         N/A       41%         2
 Call Canine Familiar     Summ           0%         N/A       63%         3
 Portal Projectile        Hex/Tloc       0%         N/A       63%         3
 Vampiric Draining        Necr           0%         2d6       63%         3
 Leda's Liquefaction      Hex/Erth       0%         N/A       95%         4
 Lightning Bolt           Conj/Air       0%         1d11      100%        5
 Maxwell's Capacitive Co  Air            0%         ∞         100%        8

Inventory:

Hand Weapons
 a - a +0 long sword {long}
 w - a +1 hand axe of venom {axe}
   (You took it off an orc on level 3 of the Dungeon)
 G - a +0 vampiric hand axe (weapon) {axe}
   (You bought it in a shop on level 4 of the Dungeon)
Missiles
 i - 110 stones (quivered) {throwing}
 l - 2 poisoned darts {throwing}
 p - 2 atropa-tipped darts {throwing}
 s - 4 curare-tipped darts {=fthrowing}
 E - 3 boomerangs {throwing}
Armour
 b - a +0 scale mail
 c - a +0 buckler (worn)
 d - the +3 leather armour of the Accordion (worn) {rF+ rCorr}
   (You found it on level 2 of the Dungeon)

   rF:        It protects you from fire.
   rCorr:     It protects you from acid and corrosion.
 x - a +0 hat (worn)
   (Xom gifted it to you on level 3 of the Dungeon)
Jewellery
 e - a ring of wizardry (left hand)
   (You found it on level 1 of the Dungeon)
 j - a +6 ring of dexterity (right hand)
   (You took it off a goblin on level 2 of the Dungeon)
 k - a ring of fire
   (You found it on level 1 of the Dungeon)
 q - an amulet of guardian spirit (around neck)
   (You found it on level 3 of the Dungeon)
 H - an amulet of magic regeneration {@e2}
   (You found it on level 4 of the Dungeon)
Wands
 r - a wand of charming (4)
   (Xom gifted it to you on level 3 of the Dungeon)
Scrolls
 f - 2 scrolls of identify {unknown}
 g - a scroll of blinking {unknown}
 h - 3 scrolls of teleportation {unknown}
 m - a scroll of enchant weapon {unknown}
 o - a scroll of immolation {unknown}
 t - a scroll of noise {unknown}
 u - a scroll of brand weapon {unknown}
 v - a scroll of fog {unknown}
 y - a scroll of torment {unknown}
Potions
 n - a potion of resistance
 z - a potion of flight
 D - a potion of cancellation

Dungeon Overview and Level Annotations

Branches:
Dungeon (5/15)
 Temple: D:4-7

Altars:
Xom

Shops:
D:4

* .. ... ... .).
.... ..(. ....#
...(.
....^########(..#
.........@yo(...#
........3.5o...##
..........)....#
..............##
..............#
..............#
###...........#
.###...........#
...............#


You could see a queen bee shaped shifter (ally target), 2 orcs, a friendly smoke
demon (summoned) and a friendly quasit (summoned).


Message History

😱 HP[+1] MP[+5]
Your mp is fully restored (7).
Unknown command.
Unknown command.
You are confused.
You are lethally poisoned (3 -> -2).
You are regenerating under the effects of ambrosia.
Your movement speed is very slow.
Your attack delay is about 1.3.
Your base attributes are Str 18, Int 8, Dex 13.
You bump into the rock wall.
You feel sick. The hound misses you. The orc barely misses you.
The queen bee barely misses you.
The hound completely misses you. 😱 HP[+3]
You regained 3 hp, and now have 6/62 hp.
Unknown command.
Unknown command.
Unknown command.
You are confused.
You are seriously poisoned (6 -> 2).
You are regenerating under the effects of ambrosia.
Your movement speed is very slow.
Your attack delay is about 1.3.
Your base attributes are Str 18, Int 8, Dex 13.
You bump into the rock wall.
You feel less invigorated.
You feel less confused.
You feel sick. Xom grants you some temporary aid. The orc closely misses you.
You block the orc's attack. The hound barely misses you.
The queen bee stings you.
* * * LOW HITPOINT WARNING * * *
😱 HP[+1] MP[-2]
You lost 2 mp, and now have 5/7 mp.
Unknown command.
Unknown command.
Unknown command.
Unknown command.
Okay, then.
You are confused.
You feel invigorated.
You feel sick. The hound closely misses you.
The orc hits you but does no damage. The orc barely misses you.
The queen bee stings you.
* * * LOW HITPOINT WARNING * * *
The hound bites you but does no damage.
Your smoke demon completely misses the hound.
Your smoke demon hits the hound. x2 😱 HP[-1]
You take 1 damage, and now have 6/62 hp.
Unknown command.
Unknown command.
Unknown command.
Unknown command.
You feel sick. The orc barely misses you.
The orc hits you from afar with a +1 trident of venom!
* * * LOW HITPOINT WARNING * * *
The hound stops to sniff the ground.
The hound barely misses you.
Your quasit barely misses the queen bee.
Your quasit claws the queen bee.
Your quasit claws the queen bee but does no damage.
The queen bee stings you!
* * * LOW HITPOINT WARNING * * *
Your smoke demon hits the hound.
Your smoke demon closely misses the hound.
Your smoke demon hits the hound. 😱 HP[-4] MP[-5]
You take 4 damage, and now have 2/62 hp.
You lost 5 mp, and now have 0/7 mp.
Unknown command.
Unknown command.
Unknown command.
You are confused.
You are lethally poisoned (2 -> 0).
You are regenerating under the effects of ambrosia.
Your movement speed is very slow.
Your attack delay is about 1.3.
Your base attributes are Str 18, Int 8, Dex 13.
Unknown command.
You feel sick. The hound barely misses you. The orc closely misses you.
Your quasit closely misses the queen bee.
Your quasit claws the queen bee but does no damage.
Your quasit claws the queen bee.
The orc closely misses you. The queen bee stings you.
* * * LOW HITPOINT WARNING * * *
The hound bites you.
* * * LOW HITPOINT WARNING * * *
Your smoke demon hits the hound.
The hound dies! 😱 MP[+2]
You regained 2 mp, and now have 2/7 mp.
Unknown command.
Unknown command.
Unknown command.
You don't know any spells.
Unknown command.
You feel sick.
You are no longer poisoned.
Your quasit barely misses the queen bee.
Your quasit claws the queen bee but does no damage.
Your quasit barely misses the queen bee.
The orc hits you but does no damage. The orc closely misses you.
The queen bee stings you!
You die...

Skill      XL: |  1  2  3  4  5  6  7 |
---------------+----------------------+-----
Dodging        | 1 2 3 4 |  4.7
Evocations     | 1 3 4 |  4.3
Throwing       | 1 2 |  2.5
Fighting       | |  3.0
Long Blades    | |  2.0
Armour         | |  2.9
Shields        | |  2.4

Action                   |  1- 3 |  4- 6 |  7- 9 || total
-------------------------+-------+-------+-------++-------
Melee: Long sword        |   101 |    94 |     3 ||   198
       Hand axe          |       |    49 |    59 ||   108
Throw: Stone             |    20 |    57 |    32 ||   109
 Abil: Spit Poison       |    14 |    13 |       ||    27
  Use: Potion            |     2 |     4 |     8 ||    14
 Stab: Invisible         |     1 |       |       ||     1
Armor: Scale mail        |    43 |       |       ||    43
       Leather armour    |     9 |    36 |    29 ||    74
Dodge: Dodged            |    35 |    93 |    55 ||   183
Block: Buckler           |    33 |    45 |    39 ||   117

Levels and vault maps discovered:
D:1:      dpeg_arrival_short_road, layout_basic, basic_ecumenical_altar
D:2:      layout_rooms
D:3:      layout_basic, grunt_decor_one_mirror
D:4:      layout_loops_corners, serial_shops, nicolae_stop_n_shop_1,
          hangedman_decor_growths, hangedman_decor_peaks_small
D:5:      layout_basic, minmay_temple_entry_gardened_gates, uniq_blork_the_orc,
          uniq_pikel, uniq_edmund, uniq_menkaure

Notes
Turn   | Place    | Note
-------+----------+-------------------------------------------
     0 | D:1      | spaghetti the Naga Fighter began the quest for the Orb.
     0 | D:1      | Reached XP level 1. HP: 21/21 MP: 1/1
     0 | D:1      | magus.rc [v1.9.6]
   103 | D:1      | HP: 1/21 [gnoll/+0 spear (5)]
   105 | D:1      | Reached skill level 1 in Dodging
   105 | D:1      | Reached XP level 2. HP: 2/28 MP: 2/2
   804 | D:1      | You pick up a book of the Hunter and begin reading...
   804 | D:1      | You add the spells Call Canine Familiar, Portal Projectile
                  | and Leda's Liquefaction to your library.
   857 | D:1      | Reached skill level 2 in Dodging
   873 | D:1      | Found a faded altar of an unknown god.
   980 | D:1      | Prayed at the altar of an unknown god.
   980 | D:1      | Became a worshipper of Xom of Chaos
  1085 | D:1      | Reached XP level 3. HP: 32/34 MP: 3/3
  1110 | D:1      | XOM: divination: detect items
  1354 | D:2      | HP: 7/34 [quokka (3)]
  1355 | D:2      | XOM: smoke on damage
  1356 | D:2      | HP: 3/34 [rat (3)]
  1357 | D:2      | HP: 1/34 [quokka (2)]
  1428 | D:2      | HP: 7/34 [frozen (3)]
  1542 | D:2      | XOM: divination: detect items
  1547 | D:2      | Identified the +3 leather armour of the Accordion {rF+
                  | rCorr}
  1574 | D:2      | XOM: noise
  1593 | D:2      | XOM: silly message
  1649 | D:2      | HP: 6/34 [frozen (5)]
  1733 | D:2      | Reached XP level 4. HP: 20/42 MP: 4/4
  1735 | D:2      | Reached skill level 3 in Dodging
  2043 | D:2      | XOM: silly message
  2145 | D:2      | XOM: silly message
  2364 | D:3      | Reached XP level 5. HP: 30/49 MP: 5/5
  2364 | D:3      | XOM: destruction
  2531 | D:3      | XOM: scenery: create altars
  2597 | D:3      | XOM: scenery: 2 doors open
  2715 | D:3      | XOM: god gift: wand of charming (4)
  2739 | D:3      | XOM: scenery: create altars
  2741 | D:3      | Reached skill level 4 in Dodging
  2741 | D:3      | Reached skill level 1 in Evocations
  2748 | D:3      | HP: 10/49 [orc/+0 battleaxe (8)]
  2774 | D:3      | HP: 12/49 [adder (1)]
  2922 | D:3      | XOM: divination: detect items
  3043 | D:3      | Reached skill level 1 in Throwing
  3043 | D:3      | Reached XP level 6. HP: 51/56 MP: 6/6
  3167 | D:3      | XOM: give mutations
  3167 | D:3      | Gained mutation: You are strong-willed. (Will+) [Xom's
                  | grace]
  3167 | D:3      | Gained mutation: You are partially covered in large bone
                  | plates. (SH +4) [Xom's grace]
  3167 | D:3      | Gained mutation: You are mostly covered in large bone
                  | plates. (SH +6) [Xom's grace]
  3238 | D:3      | XOM: god gift: +0 hat
  3239 | D:3      | You pick up a book of Necromancy and begin reading...
  3239 | D:3      | You add the spells Pain, Animate Skeleton and Vampiric
                  | Draining to your library.
  3460 | D:4      | Reached skill level 2 in Evocations
  3721 | D:4      | You pick up a book of Lightning and begin reading...
  3721 | D:4      | You add the spells Static Discharge, Lightning Bolt and
                  | Maxwell's Capacitive Coupling to your library.
  3748 | D:4      | Reached skill level 3 in Evocations
  3748 | D:4      | Noticed a water moccasin
  3750 | D:4      | XOM: cleaving
  3765 | D:4      | XOM: scenery: create altars
  3768 | D:4      | Killed a water moccasin
  3769 | D:4      | Reached skill level 2 in Throwing
  3769 | D:4      | Reached XP level 7. HP: 26/62 MP: 4/7
  4140 | D:4      | XOM: 4-stop teleportation journey
  4191 | D:4      | Found Letefuab's General Store.
  4216 | D:4      | Bought a +0 vampiric hand axe for 121 gold pieces
  4734 | D:5      | Entered Level 5 of the Dungeon
  4740 | D:5      | Noticed Menkaure
  4749 | D:5      | Killed Menkaure
  4750 | D:5      | Reached skill level 4 in Evocations
  4886 | D:5      | Noticed a shapeshifter
  4886 | D:5      | an orc changed into a shapeshifter
  4886 | D:5      | XOM: polymorph orc -> shapeshifter
  4886 | D:5      | Noticed a cane toad
  4886 | D:5      | a shapeshifter changed into a cane toad
  4892 | D:5      | Noticed a raiju
  4893 | D:5      | XOM: potion effect (haste)
  4897 | D:5      | Noticed a black mamba
  4897 | D:5      | a raiju changed into a black mamba
  4901 | D:5      | XOM: potion effect (heal wounds)
  4906 | D:5      | HP: 12/62 [orc/+0 trident (5)]
  4906 | D:5      | HP: 1/62 [black mamba (shapeshifter) (8)]
  4907 | D:5      | Noticed a rime drake
  4907 | D:5      | a black mamba changed into a rime drake
  4908 | D:5      | Noticed a queen bee
  4908 | D:5      | a rime drake changed into a queen bee
  4911 | D:5      | HP: 6/62 [poisoned by an orc]
  4912 | D:5      | XOM: summons 2 friendly demons
  4914 | D:5      | HP: 2/62 [queen bee (shapeshifter) (4)]
  4916 | D:5      | Slain by a queen bee (shapeshifter)

Vanquished Creatures
  Menkaure (D:5)
  A water moccasin (D:4)
  An ogre (D:4)
  A scorpion (D:4)
  An orc priest (D:3)
  A hound (D:4)
  2 iguanas
  11 adders
  4 gnolls
  A white imp (D:4)
  A worm (D:4)
  3 dart slugs
  15 orcs
  8 endoplasms
  4 giant cockroaches
  6 hobgoblins
  A quokka (D:2)
  6 ball pythons
  5 bats
  5 frilled lizards
  4 goblins
  3 kobolds
  8 rats
93 creatures vanquished.

Vanquished Creatures (collateral kills)
  A hound (D:5)
1 creature vanquished.

Vanquished Creatures (others)
  A gnoll (D:3)
  A ball python (D:3)
2 creatures vanquished.

Grand Total: 96 creatures vanquished

Table legend:
 A = Non-vault XP
 B = Vault XP
 C = Vault XP percentage of total XP
 D = Non-vault monster count
 E = Vault monster count
 F = Vault count percentage of total count
                 A         B        C        D         E       F
            +---------+---------+-------+---------+---------+-------
      Total |     901 |     172 |  16.0 |      93 |       1 |   1.1
            +---------+---------+-------+---------+---------+-------
        D:1 |      42 |       0 |   0.0 |      20 |       0 |   0.0
        D:2 |      53 |       0 |   0.0 |      19 |       0 |   0.0
        D:3 |     241 |       0 |   0.0 |      27 |       0 |   0.0
        D:4 |     502 |       0 |   0.0 |      23 |       0 |   0.0
        D:5 |      63 |     172 |  73.2 |       4 |       1 |  20.0
            +---------+---------+-------+---------+---------+-------

Illustrated notes

Table legend:
 A = Kills in this place as a percentage of kills in entire the game.
 B = Kills by you in this place as a percentage of kills by you in the entire game.
 C = Kills by friends in this place as a percentage of kills by friends in the entire game.
 D = Other kills in this place as a percentage of other kills in the entire game.
 E = Experience gained in this place as a percentage of experience gained in the entire game.
 F = Experience gained in this place divided by the number of levels of this place that you have seen.
                   A       B       C       D       E      F
               +-------+-------+-------+-------+-------+----------------------
         Total | 100.0 | 100.0 | 100.0 |   N/A | 100.0 | 214.6
       Dungeon | 100.0 | 100.0 | 100.0 |   N/A | 100.0 | 214.6
               +-------+-------+-------+-------+-------+----------------------

Table legend: (Time is in decaauts)
 A = Elapsed time spent in this place.
 B = Non-inter-level travel time spent in this place.
 C = Inter-level travel time spent in this place.
 D = Time resting spent in this place.
 E = Time spent auto-exploring this place.
 F = Levels seen in this place.
 G = Mean time per level.
                   A        B        C        D        E       F      G
               +--------+--------+--------+--------+--------+-----+--------+
         Total |   5936 |   5809 |    127 |   1114 |   3799 |   5 | 1187.2 |
       Dungeon |   5936 |   5809 |    127 |   1114 |   3799 |   5 | 1187.2 |
               +--------+--------+--------+--------+--------+-----+--------+

Top non-repeatable levels by time:
     D:4: 1697 daAuts
     D:1: 1659 daAuts
     D:3: 1213 daAuts
     D:2: 1163 daAuts
     D:5: 202 daAuts
